[Event "Titled Tuesday Blitz July 18 Late 2023"]
[White "vishwa_vijeta"]
[Black "Sarkar, Justin"]
[BlackFideId "2010011"]
[WhiteElo "2535"]
[BlackElo "2235"]
[Result "1-0"]
[Round "1"]
[TimeControl "180+2"]
[Date "2023.07.18"]
[WhiteClock "0:02:16"]
[BlackClock "0:00:00"]
[Board "166"]

1. e4 e5 2. Nf3 Nc6 3. d4 exd4 4. Bc4 Nf6 5. Ng5 Ne5 6. Qxd4 Nxc4 7. Qxc4 d5 8. exd5 Qxd5 9. Qe2+ Be7 10. O-O Bg4 11. f3 Bh5 12. Re1 Qd7 13. Nc3 Kf8 14. Bf4 Re8 15. Qc4 h6 16. Nge4 Nxe4 17. Nxe4 b6 18. Rad1 Qe6 19. Qxe6 fxe6 20. Bxc7 Rc8 21. Bd6 Rxc2 22. Bxe7+ Kxe7 23. Nc3 Rd8 24. Rxd8 Kxd8 25. Rxe6 Rxb2 26. Re3 Rc2 27. Rd3+ Kc8 28. a3 Bf7 29. Ne4 Bc4 30. Rd4 b5 31. Nd6+ Kc7 32. Ne8+ Kc6 33. Nxg7 a5 34. Nf5 b4 35. axb4 axb4 36. Ne3 Rc1+ 37. Kf2 Be6 38. Rxb4 Kc5 39. Re4 1-0


[Site "https://www.chess.com"]

[Event "Titled Tuesday Blitz July 18 Late 2023"]
[White "Kuchava, Ana"]
[Black "Voege, Tobias"]
[WhiteFideId "13605348"]
[BlackFideId "1270513"]
[WhiteElo "2234"]
[BlackElo "2534"]
[Result "0-1"]
[Round "1"]
[TimeControl "180+2"]
[Date "2023.07.18"]
[WhiteClock "0:00:00"]
[BlackClock "0:00:46"]
[Board "167"]

1. d4 d5 2. Nf3 Nc6 3. c4 Bg4 4. Nc3 e6 5. e3 Nf6 6. Bd3 Bb4 7. O-O O-O 8. h3 Bh5 9. a3 Bxc3 10. bxc3 Ne4 11. Bb2 Ne7 12. Be2 c6 13. Ne5 Bxe2 14. Qxe2 f6 15. Nf3 Nf5 16. cxd5 exd5 17. c4 Kh8 18. Rac1 Nfd6 19. cxd5 cxd5 20. Nd2 Nxd2 21. Qxd2 Nc4 22. Qe2 b5 23. Bc3 a5 24. a4 bxa4 25. e4 Re8 26. f3 Rc8 27. Qd3 a3 28. Ra1 Qd7 29. Rfe1 h6 30. e5 Rc6 31. exf6 Rxf6 32. Rxe8+ Qxe8 33. Re1 Re6 34. Ra1 Re3 35. Qc2 Re2 36. Qd3 Qe3+ 37. Qxe3 Rxe3 38. Be1 Re2 39. Kf1 Rc2 40. Bf2 a2 41. Ke1 Rb2 0-1


[Site "https://www.chess.com"]

[Event "Titled Tuesday Blitz July 18 Late 2023"]
[White "Musovic, Armin"]
[Black "Kalaiyalahan, Akshaya"]
[WhiteFideId "939935"]
[BlackFideId "422894"]
[WhiteElo "2533"]
[BlackElo "2230"]
[Result "1-0"]
[Round "1"]
[TimeControl "180+2"]
[Date "2023.07.18"]
[WhiteClock "0:02:59"]
[BlackClock "0:01:18"]
[Board "168"]

1. a3 d5 2. Nc3 d4 3. Ne4 e5 4. Ng3 f5 5. e4 f4 6. Qh5+ Kd7 7. Nf3 Nc6 8. Bb5 Bd6 9. Nxe5+ Bxe5 10. Qxe5 fxg3 11. Qxg7+ Ne7 12. Qxd4+ Ke6 13. Bc4+ 1-0


[Site "https://www.chess.com"]

[Event "Titled Tuesday Blitz July 18 Late 2023"]
[White "UgarteCesar"]
[Black "Shubenkova, Veronika"]
[BlackFideId "44124040"]
[WhiteElo "2228"]
[BlackElo "2532"]
[Result "0-1"]
[Round "1"]
[TimeControl "180+2"]
[Date "2023.07.18"]
[WhiteClock "0:00:06"]
[BlackClock "0:00:18"]
[Board "169"]

1. d4 d5 2. Bf4 e6 3. e3 Bd6 4. Bg3 f5 5. Bd3 Nf6 6. Nf3 c6 7. Nbd2 Qe7 8. Ne5 Nbd7 9. O-O O-O 10. f4 Ne4 11. Qe1 Ndf6 12. Bh4 Bd7 13. Ndf3 Be8 14. c3 Bh5 15. h3 Qc7 16. Ng5 Rae8 17. b4 h6 18. Ngf3 b6 19. a3 c5 20. Bb5 Rc8 21. Rc1 Bxe5 22. Nxe5 g5 23. Bg3 Nxg3 24. Qxg3 Ne4 25. Qe1 Qg7 26. Ba6 Rc7 27. Kh2 Kh7 28. Rg1 Rg8 29. g3 Qf6 30. Bd3 gxf4 31. gxf4 Rcg7 32. Rxg7+ Rxg7 33. Bxe4 fxe4 34. Qf2 cxd4 35. cxd4 a5 36. Rg1 axb4 37. axb4 b5 38. Rg3 Qe7 39. Rxg7+ Kxg7 40. Qg3+ Kf8 41. Ng6+ Bxg6 42. Qxg6 h5 43. Qxh5 Qxb4 44. Qh8+ Kf7 45. Qh7+ Ke8 46. Qg8+ Kd7 47. Qf7+ Qe7 48. Qh5 b4 49. Qe2 Ke8 50. Qh5+ Kd8 51. Qe2 Qb7 52. Qh5 b3 53. Qh8+ Kc7 54. Qe5+ Kd7 55. Qg7+ Kc6 56. Qf6 Qc8 57. Qe7 Kb5 58. Qa3 Qc2+ 59. Kg3 b2 60. Qa8 b1=Q 0-1


[Site "https://www.chess.com"]

[Event "Titled Tuesday Blitz July 18 Late 2023"]
[White "Santos Flores, Alberto"]
[Black "De Arruda, Leandro Formes"]
[WhiteFideId "3601234"]
[BlackFideId "22722009"]
[WhiteElo "2532"]
[BlackElo "2227"]
[Result "1-0"]
[Round "1"]
[TimeControl "180+2"]
[Date "2023.07.18"]
[WhiteClock "0:00:28"]
[BlackClock "0:00:03"]
[Board "170"]

1. e4 e6 2. d4 d5 3. Nc3 dxe4 4. Nxe4 Nd7 5. Nf3 Ngf6 6. Nxf6+ Nxf6 7. g3 Be7 8. Bg2 O-O 9. O-O c5 10. Bf4 Qb6 11. b3 Rd8 12. dxc5 Qxc5 13. Qe2 Nd5 14. Be5 Bf6 15. c4 Bxe5 16. Qxe5 f6 17. Qh5 g6 18. Qh4 Nb6 19. Qxf6 Qf8 20. Qxf8+ Rxf8 21. Ne5 Rb8 22. Rad1 a5 23. Rd6 Na8 24. Rfd1 Nc7 25. Rd8 Na6 26. Rxf8+ Kxf8 27. Rd8+ Ke7 28. Rh8 Kf6 29. f4 Kg7 30. Re8 a4 31. Re7+ Kg8 32. Re8+ Kg7 33. Kf2 axb3 34. axb3 h6 35. Ke3 g5 36. Be4 Nc5 37. b4 gxf4+ 38. gxf4 Nxe4 39. Kxe4 b6 40. Kd4 Ra8 41. Nd7 Ra4 42. Rxc8 Ra5 1-0


[Site "https://www.chess.com"]

[Event "Titled Tuesday Blitz July 18 Late 2023"]
[White "SoyuzTM4"]
[Black "Marosi, Levente"]
[BlackFideId "747181"]
[WhiteElo "2225"]
[BlackElo "2531"]
[Result "0-1"]
[Round "1"]
[TimeControl "180+2"]
[Date "2023.07.18"]
[WhiteClock "0:00:09"]
[BlackClock "0:00:25"]
[Board "171"]

1. e4 c6 2. c4 d5 3. exd5 cxd5 4. cxd5 Nf6 5. Bb5+ Nbd7 6. Bc4 a6 7. Nc3 b5 8. Bb3 Nb6 9. Nf3 Bb7 10. d4 Nbxd5 11. O-O e6 12. Bg5 Be7 13. Re1 O-O 14. Qe2 Rc8 15. Rad1 Nxc3 16. bxc3 Rxc3 17. Ne5 Bd5 18. Bc2 Qc7 19. Bb1 h6 20. Bh4 Rc8 21. Bg3 Qb7 22. f4 Ba3 23. f5 Rc1 24. fxe6 Bxe6 25. Bh4 Rxd1 26. Rxd1 Be7 27. Ng6 Bd8 28. Bxf6 Bxf6 29. Nf4 Bd5 30. Qd3 g6 31. Nxg6 fxg6 32. Qxg6+ Qg7 33. Qxg7+ Kxg7 34. Kf2 Rc4 0-1


[Site "https://www.chess.com"]

[Event "Titled Tuesday Blitz July 18 Late 2023"]
[White "Rangel, Daniel"]
[Black "Vila Dupla, Aurelio"]
[WhiteFideId "2124475"]
[BlackFideId "2203383"]
[WhiteElo "2530"]
[BlackElo "2216"]
[Result "1-0"]
[Round "1"]
[TimeControl "180+2"]
[Date "2023.07.18"]
[WhiteClock "0:00:06"]
[BlackClock "0:00:00"]
[Board "172"]

1. c4 Nf6 2. g3 c6 3. Bg2 d5 4. Nf3 g6 5. b3 Bg7 6. O-O Ne4 7. d4 O-O 8. Bf4 Bf5 9. Be5 Bh6 10. Nh4 Be6 11. Bxb8 Rxb8 12. c5 Qd7 13. f4 Bh3 14. Nd2 Bxg2 15. Kxg2 f5 16. Nxe4 dxe4 17. e3 Bg7 18. Qc2 Bf6 19. Kh3 Bxh4 20. gxh4 Qd5 21. Rg1 Kf7 22. Rg5 h6 23. Rg3 Rg8 24. Rag1 h5 25. Kg2 Rg7 26. Kh1 Rbg8 27. Qd2 Qd8 28. Rg5 Qd7 29. Qa5 a6 30. b4 Kf6 31. Qa3 Qd5 32. Qb2 Kf7 33. a4 Qc4 34. R5g3 Qd3 35. Qa2+ Kf8 36. Qe6 Qc2 37. Qc8+ Kf7 38. Qxb7 Qxa4 39. d5 cxd5 40. Qxd5+ e6 41. Qb7+ Kf6 42. Qb6 Rd8 43. Qxd8+ Kf7 44. Qc7+ Kg8 45. Rxg6 1-0


[Site "https://www.chess.com"]

[Event "Titled Tuesday Blitz July 18 Late 2023"]
[White "disciplinedbrat"]
[Black "Khater, Sherif"]
[BlackFideId "2034280"]
[WhiteElo "2215"]
[BlackElo "2529"]
[Result "1-0"]
[Round "1"]
[TimeControl "180+2"]
[Date "2023.07.18"]
[WhiteClock "0:00:20"]
[BlackClock "0:00:43"]
[Board "173"]

1. Nf3 d5 2. e4 dxe4 3. Ng5 Nf6 4. Bc4 e6 5. Qe2 Qd4 6. Nc3 Be7 7. Ncxe4 Nxe4 8. Nxe4 Nc6 9. c3 Qd8 10. d4 O-O 11. Bf4 Bd7 12. O-O Rc8 13. Bb3 Be8 14. Bc2 h6 15. Qd3 f5 16. Nd2 e5 17. Bxe5 Nxe5 18. dxe5 Qxd3 19. Bxd3 Rd8 20. Bc4+ Bf7 21. Bxf7+ Kxf7 22. Nf3 c5 23. Rfe1 Ke6 24. b4 g5 25. bxc5 Bxc5 26. Rad1 g4 27. Nd4+ Bxd4 28. cxd4 Rd5 29. Rb1 b5 30. Rbc1 Rxd4 31. Rc6+ Ke7 32. Rxh6 Ra4 33. e6 Rxa2 34. Rh7+ Kf6 35. h3 gxh3 36. gxh3 Rg8+ 37. Kf1 Re8 38. Rf7+ Kg5 39. e7 Rc2 40. h4+ Kg6 41. Rf8 Rcc8 42. Re6+ Kg7 43. Rxf5 Rb8 44. h5 b4 45. Rg6+ Kh8 46. Rh6+ Kg7 47. Rg6+ Kh7 48. Rf7+ Kh8 49. Rgg7 Rxe7 50. Rxe7 b3 51. Rh7+ Kg8 52. Reg7+ Kf8 53. Rb7 1-0


[Site "https://www.chess.com"]

[Event "Titled Tuesday Blitz July 18 Late 2023"]
[White "Zhang, Derek"]
[Black "Ilyuchyk, Yana"]
[WhiteFideId "2087871"]
[BlackFideId "13508407"]
[WhiteElo "2528"]
[BlackElo "2191"]
[Result "1-0"]
[Round "1"]
[TimeControl "180+2"]
[Date "2023.07.18"]
[WhiteClock "0:00:13"]
[BlackClock "0:00:07"]
[Board "174"]

1. Nf3 Nf6 2. c4 g6 3. Nc3 Bg7 4. e4 d6 5. d4 O-O 6. h3 Nbd7 7. Be3 e5 8. d5 Nh5 9. c5 Nxc5 10. Bxc5 dxc5 11. Bc4 Nf4 12. Rg1 Kh8 13. Ne2 f5 14. Nd2 fxe4 15. Nxe4 b6 16. Qd2 Bf5 17. N2g3 Qh4 18. Nxf5 gxf5 19. g3 Qxh3 20. Ng5 Qg4 21. Rh1 Qxg5 22. gxf4 Qxf4 23. Qxf4 exf4 24. O-O-O Rae8 25. Rh5 Re4 26. b3 Bd4 27. Rdh1 Re7 28. f3 Rg7 29. Bd3 Rd8 30. Rxf5 Be3+ 31. Kc2 Rg2+ 32. Kc3 Bd4+ 33. Kc4 a6 34. a4 Rb8 35. d6 c6 36. Be4 b5+ 37. axb5 axb5+ 38. Kd3 Be3 39. Rf7 Rd2+ 40. Kc3 b4+ 41. Kc4 Rd4+ 42. Kxc5 Rxe4+ 43. Kxc6 Rb6+ 44. Kc7 Re6 45. Rfxh7+ Kg8 46. Rh8+ Kg7 47. R1h7+ Kf6 48. Rh6+ Ke5 49. Rxe6+ Kxe6 50. d7 Rd6 51. Re8+ Kd5 52. d8=Q Rxd8 53. Rxd8+ Ke5 54. Kc6 Kf5 55. Kd5 Bd2 56. Rf8+ Kg5 57. Ke4 Kh4 58. Rxf4+ Kh3 59. Rf5 Kg3 60. Rb5 Kf2 61. f4 Kg3 62. f5 Kg4 63. f6 1-0


[Site "https://www.chess.com"]

[Event "Titled Tuesday Blitz July 18 Late 2023"]
[White "Novikova, Margarita"]
[Black "Martinez Reyes, Pedro Ramon"]
[WhiteFideId "14109689"]
[BlackFideId "3901807"]
[WhiteElo "2189"]
[BlackElo "2528"]
[Result "0-1"]
[Round "1"]
[TimeControl "180+2"]
[Date "2023.07.18"]
[WhiteClock "0:02:17"]
[BlackClock "0:02:15"]
[Board "175"]

1. e4 b6 2. d4 Bb7 3. Nc3 e6 4. Bd3 Nf6 5. Nf3 d5 6. e5 Nfd7 7. Ne2 c5 8. c3 Nc6 9. O-O Rc8 10. Bg5 Qc7 11. Rc1 h6 12. Bh4 Be7 13. Bxe7 Nxe7 14. Nd2 f5 15. exf6 Nxf6 16. Nf4 Qxf4 0-1


[Site "https://www.chess.com"]

[Event "Titled Tuesday Blitz July 18 Late 2023"]
[White "Graif, William"]
[Black "Cueto, Jonny"]
[WhiteFideId "2609835"]
[BlackFideId "3300145"]
[WhiteElo "2528"]
[BlackElo "2174"]
[Result "1-0"]
[Round "1"]
[TimeControl "180+2"]
[Date "2023.07.18"]
[WhiteClock "0:00:04"]
[BlackClock "0:00:00"]
[Board "176"]

1. e4 e6 2. d4 d5 3. Bd3 dxe4 4. Bxe4 Nf6 5. Bf3 Be7 6. Ne2 O-O 7. O-O c5 8. Nbc3 Nbd7 9. Re1 Nb6 10. Bg5 h6 11. Bh4 Nfd5 12. Bxe7 Qxe7 13. Nxd5 exd5 14. Nc3 Qd6 15. dxc5 Qxc5 16. Nxd5 Be6 17. Nxb6 Qxb6 18. b3 Rfd8 19. Qe2 Rac8 20. c4 a5 21. Rad1 Re8 22. Qe3 Qb4 23. Qd2 Qb6 24. Qd6 Qa7 25. h3 a4 26. Qb4 axb3 27. axb3 Rc7 28. Ra1 Qd4 29. Red1 Qf6 30. Ra7 Qg5 31. Rxb7 Rxb7 32. Qxb7 Bxh3 33. Qd5 Be6 34. Qxg5 hxg5 35. Rc1 Rb8 36. Rc3 Rb4 37. Bd1 Kf8 38. c5 Ke7 39. Kf1 Kd7 40. Ke2 Kc7 41. Kd2 f5 42. Kc2 g4 43. Be2 Bd5 44. g3 Be4+ 45. Bd3 Bc6 46. Bxf5 Rd4 47. Bd3 Rd5 48. b4 Rd7 49. b5 Bd5 50. b6+ Kc6 51. Ra3 Rf7 52. Ra7 Rxf2+ 53. Kc3 Rf7 54. Rxf7 Bxf7 55. Be4+ Kb5 56. b7 1-0


[Site "https://www.chess.com"]

[Event "Titled Tuesday Blitz July 18 Late 2023"]
[White "Cardenas Carbajal, Nilson"]
[Black "Estrada Nieto, Julian"]
[WhiteFideId "8401128"]
[BlackFideId "5101018"]
[WhiteElo "2173"]
[BlackElo "2526"]
[Result "0-1"]
[Round "1"]
[TimeControl "180+2"]
[Date "2023.07.18"]
[WhiteClock "0:00:00"]
[BlackClock "0:00:22"]
[Board "177"]

1. e4 e5 2. Nf3 Nc6 3. Bc4 Bc5 4. c3 Nf6 5. d4 exd4 6. cxd4 Bb4+ 7. Nc3 Nxe4 8. O-O Bxc3 9. d5 Bf6 10. Re1 Ne7 11. Rxe4 d6 12. Bg5 Bxg5 13. Nxg5 h6 14. Qh5 O-O 15. Rae1 Nf5 16. Ne6 fxe6 17. dxe6 Ne7 18. Rg4 Kh8 19. Re3 Rf6 20. Reg3 Nf5 21. Rh3 Bxe6 22. Bxe6 Rxe6 23. g3 Qf6 24. Rf4 Rf8 25. g4 Re1+ 26. Kg2 Nh4+ 27. Qxh4 Qxf4 0-1


[Site "https://www.chess.com"]

[Event "Titled Tuesday Blitz July 18 Late 2023"]
[White "Bagrationi, Alexander"]
[Black "Osmonbekov, Talaibek"]
[WhiteFideId "14104954"]
[BlackFideId "2017253"]
[WhiteElo "2525"]
[BlackElo "2173"]
[Result "1-0"]
[Round "1"]
[TimeControl "180+2"]
[Date "2023.07.18"]
[WhiteClock "0:01:33"]
[BlackClock "0:00:07"]
[Board "178"]

1. e4 c5 2. Be2 d5 3. d3 dxe4 4. dxe4 Qxd1+ 5. Bxd1 Nc6 6. Nc3 Bd7 7. Be3 e6 8. f4 O-O-O 9. Nf3 Nf6 10. Ng5 Be8 11. e5 Nd5 12. Nxd5 exd5 13. Bf3 h6 14. Nh3 Nb4 15. O-O-O d4 16. a3 Nc6 17. Bf2 Ne7 18. g4 Bc6 19. Ng1 Bxf3 20. Nxf3 Nd5 21. f5 Be7 22. h4 Nf4 23. Rhe1 Rd5 24. Re4 g5 25. fxg6 Nxg6 26. h5 Nf8 27. c4 Rd7 28. Rf4 Bd8 29. Rf1 Ne6 30. Rf5 Rg8 31. Rg1 a6 32. Kd2 b5 33. Kd3 bxc4+ 34. Kxc4 Rb7 35. b4 cxb4 36. axb4 Rc7+ 37. Kd3 Rc3+ 38. Ke4 Rc4 39. Rxf7 Rxb4 40. Rc1+ Kb8 41. Kf5 d3 42. Be3 Ng5 43. Nd4 Rxd4 44. Bxd4 d2 45. Ba7+ 1-0


[Site "https://www.chess.com"]

[Event "Titled Tuesday Blitz July 18 Late 2023"]
[White "Francisco_Ferrari"]
[Black "Sos Andreu, Eric"]
[BlackFideId "22247017"]
[WhiteElo "2166"]
[BlackElo "2525"]
[Result "1-0"]
[Round "1"]
[TimeControl "180+2"]
[Date "2023.07.18"]
[WhiteClock "0:00:06"]
[BlackClock "0:00:02"]
[Board "179"]

1. e4 c6 2. d4 d5 3. exd5 cxd5 4. Bd3 Nc6 5. c3 Qc7 6. h3 g6 7. Nf3 Bf5 8. O-O Nf6 9. Re1 Bxd3 10. Qxd3 Bg7 11. Nbd2 O-O 12. Ne5 a6 13. Ndf3 Ne4 14. Bf4 Qc8 15. c4 e6 16. cxd5 exd5 17. Rac1 Qf5 18. Nxc6 bxc6 19. Be5 c5 20. Bxg7 c4 21. Qc2 Kxg7 22. Ne5 Rfe8 23. b3 cxb3 24. axb3 Rac8 25. Qe2 Nc3 26. Qxa6 Ne4 27. Qe2 Rxc1 28. Rxc1 Rb8 29. Rc7 Nd6 30. Rd7 Rb6 31. Qa2 Qf4 32. Qa7 Qc1+ 33. Kh2 Qf4+ 34. Kg1 Rxb3 35. Qa2 Rb6 36. Rc7 Qxd4 37. Qe2 Rb1+ 38. Kh2 Qf4+ 39. g3 Qf6 40. Ng4 Qa1 41. Rd7 Rh1+ 42. Kg2 Qg1+ 43. Kf3 Ne4 44. Rxd5 Qb1 45. Qxe4 Qb3+ 46. Ne3 Rc1 47. Qd4+ Kh6 48. Qh4+ Kg7 49. Qd4+ Kh6 50. g4 f6 51. g5+ fxg5 52. Qg4 Qc2 53. Qxg5+ Kg7 54. Rd7+ Kf8 55. Qd8# 1-0


[Site "https://www.chess.com"]

[Event "Titled Tuesday Blitz July 18 Late 2023"]
[White "ArtemDyachuk"]
[Black "Sailer, Mike"]
[BlackFideId "2012901"]
[WhiteElo "2522"]
[BlackElo "2162"]
[Result "1-0"]
[Round "1"]
[TimeControl "180+2"]
[Date "2023.07.18"]
[WhiteClock "0:00:55"]
[BlackClock "0:00:24"]
[Board "180"]

1. e4 d5 2. exd5 Qxd5 3. Nc3 Qd6 4. d4 c6 5. Be2 Nf6 6. Be3 Bf5 7. Nf3 e6 8. h3 h6 9. O-O Qc7 10. Re1 Bd6 11. Qd2 Nbd7 12. Rad1 Nb6 13. b3 Bb4 14. Nb5 Qe7 15. c3 Ne4 16. Qb2 cxb5 17. Bxb5+ Kf8 18. cxb4 Nd5 19. Bd3 g5 20. Ne5 Nec3 21. Rd2 Bxd3 22. Rxd3 Ne4 23. Qe2 Nxb4 24. Qf3 Nxd3 25. Ng6+ Ke8 26. Nxe7 Nxe1 27. Qxe4 Kxe7 28. Qb1 Nxg2 29. Kxg2 Rac8 30. Qe4 Rhd8 31. Qxb7+ Kf8 32. Qxa7 Rc2 33. a4 Rdc8 34. a5 R8c3 35. Qb8+ Kg7 36. Qe5+ Kg8 37. a6 Rxb3 38. a7 Ra2 39. Qb8+ Rxb8 40. axb8=Q+ 1-0


[Site "https://www.chess.com"]

[Event "Titled Tuesday Blitz July 18 Late 2023"]
[White "Ishowmoves57"]
[Black "Golubovskis, Maksims"]
[BlackFideId "11608528"]
[WhiteElo "2160"]
[BlackElo "2520"]
[Result "0-1"]
[Round "1"]
[TimeControl "180+2"]
[Date "2023.07.18"]
[WhiteClock "0:00:16"]
[BlackClock "0:01:44"]
[Board "181"]

1. e4 c5 2. Nf3 Nf6 3. Nc3 Nc6 4. Bc4 e6 5. O-O d5 6. exd5 exd5 7. Re1+ Be7 8. Bb5 O-O 9. d4 Bg4 10. Bxc6 bxc6 11. dxc5 Bxc5 12. h3 Bh5 13. Bg5 Qd6 14. Na4 Ne4 15. Nxc5 Nxg5 16. Nb7 Qf4 17. Re3 Bxf3 18. gxf3 Nxh3+ 19. Kg2 Qh4 20. Qg1 Nxg1 0-1


[Site "https://www.chess.com"]

[Event "Titled Tuesday Blitz July 18 Late 2023"]
[White "Redzisz, Michal"]
[Black "Vanek, Tomas"]
[WhiteFideId "21816107"]
[BlackFideId "313459"]
[WhiteElo "2519"]
[BlackElo "2157"]
[Result "1-0"]
[Round "1"]
[TimeControl "180+2"]
[Date "2023.07.18"]
[WhiteClock "0:00:29"]
[BlackClock "0:00:00"]
[Board "182"]

1. e4 c5 2. Nf3 Nc6 3. Bb5 Nf6 4. e5 Nd5 5. Nc3 Nc7 6. Bxc6 bxc6 7. Ne4 Ne6 8. O-O h6 9. d4 cxd4 10. Nxd4 Nxd4 11. Qxd4 Qb6 12. Qc3 Ba6 13. Be3 Qc7 14. Rfe1 e6 15. Bc5 Rb8 16. Nd6+ Bxd6 17. Bxd6 Qb7 18. Bxb8 Qxb8 19. Qa3 Qb5 20. Rad1 c5 21. Re3 O-O 22. Rb3 Qe2 23. Ra1 Bc4 24. Re3 Qxc2 25. Qc3 Qxc3 26. Rxc3 Bd5 27. Rxc5 Rb8 28. b3 Bc6 29. Rac1 Kf8 30. Ra5 Rb7 31. Rc4 Ke7 32. f3 f6 33. exf6+ Kxf6 34. Kf2 Bd5 35. Rc8 Bc6 36. Ra8 Rxb3 37. axb3 Bxa8 38. Rxa7 Bc6 39. Ke3 Ke5 40. Ra1 Kd5 41. Rc1 Kd6 42. Kf4 g5+ 43. Kg4 Ke5 44. Kh5 Kd4 45. Kxh6 Ke3 46. Kxg5 Kf2 47. Rc2+ Kg1 48. h4 d5 49. h5 d4 50. Rxc6 1-0


[Site "https://www.chess.com"]

[Event "Titled Tuesday Blitz July 18 Late 2023"]
[White "Mangialardo, Tiago Carvalho"]
[Black "Leenhouts, Koen"]
[WhiteFideId "2130718"]
[BlackFideId "1008439"]
[WhiteElo "2143"]
[BlackElo "2519"]
[Result "0-1"]
[Round "1"]
[TimeControl "180+2"]
[Date "2023.07.18"]
[WhiteClock "0:00:40"]
[BlackClock "0:00:57"]
[Board "183"]

1. e4 e6 2. d4 d5 3. exd5 exd5 4. c4 Nf6 5. Nc3 Bb4 6. Nf3 O-O 7. Be2 dxc4 8. Bxc4 Re8+ 9. Be3 Be6 10. Bd3 Nbd7 11. O-O Bg4 12. Bg5 h6 13. Bh4 Bd6 14. Ne4 Be7 15. Nxf6+ Bxf6 16. Bc2 Bxh4 17. Qd3 Nf8 18. Ne5 Be6 19. f4 Bf6 20. f5 Bxe5 21. fxe6 Qxd4+ 22. Kh1 Rxe6 23. Qh3 Rf6 24. Rfd1 Qxb2 25. Rab1 Qxc2 0-1


[Site "https://www.chess.com"]

[Event "Titled Tuesday Blitz July 18 Late 2023"]
[White "Chor, Kevin"]
[Black "Ricaurte Lopez, Juan Carlos"]
[WhiteFideId "2090740"]
[BlackFideId "3600327"]
[WhiteElo "2517"]
[BlackElo "2141"]
[Result "1-0"]
[Round "1"]
[TimeControl "180+2"]
[Date "2023.07.18"]
[WhiteClock "0:00:19"]
[BlackClock "0:00:00"]
[Board "184"]

1. e4 e5 2. Nf3 d5 3. Nxe5 Bd6 4. d4 dxe4 5. Nc4 Nf6 6. Nc3 O-O 7. Bg5 Re8 8. Qd2 h6 9. Bh4 Nc6 10. O-O-O Bf5 11. Kb1 Bb4 12. a3 Bxc3 13. Qxc3 Nd5 14. Bxd8 Nxc3+ 15. bxc3 Raxd8 16. Ne3 Bg6 17. Bb5 a6 18. Bxc6 bxc6 19. Ka2 f5 20. g3 Rf8 21. Ng2 Bf7+ 22. Ka1 g5 23. h4 Kg7 24. Ne3 Bh5 25. Rdg1 Bf3 26. Rh2 g4 27. Nc4 Kf6 28. Rb1 Rb8 29. Ne5 Rxb1+ 30. Kxb1 Ke6 31. Kc1 c5 32. Kd2 cxd4 33. cxd4 Rb8 34. Nxf3 exf3 35. Rh1 Rb2 36. Kc3 Rb5 37. Re1+ Kd6 38. Kc4 c5 39. d5 Rb2 40. Re6+ Kd7 41. Kc3 Ra2 42. Rxa6 Ra1 43. Kc4 Rf1 44. Ra7+ Kd6 45. Ra6+ Kd7 46. Kxc5 Rxf2 47. Ra7+ 1-0


[Site "https://www.chess.com"]

[Event "Titled Tuesday Blitz July 18 Late 2023"]
[White "Capp, Stephen"]
[Black "Garakov, Mikhael"]
[WhiteFideId "2027089"]
[BlackFideId "4169034"]
[WhiteElo "2135"]
[BlackElo "2516"]
[Result "0-1"]
[Round "1"]
[TimeControl "180+2"]
[Date "2023.07.18"]
[WhiteClock "0:00:00"]
[BlackClock "0:00:11"]
[Board "185"]

1. e4 c5 2. Nc3 a6 3. a4 Nc6 4. f4 g6 5. Bc4 Bg7 6. d3 e6 7. Nf3 Nge7 8. Bb3 d5 9. O-O O-O 10. e5 Rb8 11. Ne2 b5 12. axb5 axb5 13. c3 d4 14. cxd4 Nxd4 15. Nexd4 cxd4 16. Bd2 Bb7 17. Qe2 Qd7 18. Bb4 Rfd8 19. Bd6 Ra8 20. Rac1 Rac8 21. Nxd4 Nd5 22. Rxc8 Rxc8 23. Bxd5 Bxd5 24. b4 Bf8 25. Bxf8 Kxf8 26. f5 exf5 27. Qe3 Kg8 28. Rc1 Rxc1+ 29. Qxc1 Bxg2 30. Qc5 Ba8 31. e6 fxe6 32. Qe5 Bd5 33. Qb8+ Kg7 34. Qe5+ Kg8 35. Qb8+ Kf7 36. Qe5 Qe7 37. Ne2 Qf6 38. Qc7+ Qe7 39. Qe5 Qh4 40. Nf4 Qg4+ 41. Kf2 Qf3+ 42. Ke1 Qh1+ 43. Kd2 Qxh2+ 44. Kc3 g5 45. Qc7+ Kf6 46. Nxd5+ exd5 47. Qxh2 f4 48. Qxh7 Ke5 0-1


[Site "https://www.chess.com"]

[Event "Titled Tuesday Blitz July 18 Late 2023"]
[White "Balague Camps, Marc"]
[Black "Tqebuchava, Zurab"]
[WhiteFideId "2297914"]
[BlackFideId "13601113"]
[WhiteElo "2516"]
[BlackElo "2110"]
[Result "1-0"]
[Round "1"]
[TimeControl "180+2"]
[Date "2023.07.18"]
[WhiteClock "0:01:42"]
[BlackClock "0:00:00"]
[Board "186"]

1. d4 d6 2. c4 Nf6 3. Nc3 Nbd7 4. e4 e5 5. d5 g6 6. Bd3 Bg7 7. Nf3 Nc5 8. Bc2 a5 9. O-O O-O 10. h3 Nh5 11. a3 Nf4 12. Rb1 f5 13. b4 axb4 14. axb4 Nxe4 15. Nxe4 fxe4 16. Bxe4 Bf5 17. Bxf5 Rxf5 18. Bxf4 Rxf4 19. c5 Qf6 20. Nh2 Rd4 21. Qb3 Rf8 22. cxd6 cxd6 23. Rbc1 Rd2 24. Ng4 Qf4 25. Rc4 Qf7 26. Qc3 Rxd5 27. Rc7 Qe6 28. Rxb7 h5 29. Ne3 Rd4 30. b5 Rf7 31. Rxf7 Qxf7 32. b6 Qb7 33. Qc7 Qe4 34. b7 1-0


[Site "https://www.chess.com"]

[Event "Titled Tuesday Blitz July 18 Late 2023"]
[White "Feliz Dotel, Dewar Bienvenido"]
[Black "Besedes, Danilo"]
[WhiteFideId "6402801"]
[BlackFideId "946796"]
[WhiteElo "2073"]
[BlackElo "2515"]
[Result "0-1"]
[Round "1"]
[TimeControl "180+2"]
[Date "2023.07.18"]
[WhiteClock "0:00:00"]
[BlackClock "0:00:20"]
[Board "187"]

1. d4 g6 2. e3 Bg7 3. Nf3 d6 4. Be2 Nd7 5. b4 e5 6. Bb2 Ngf6 7. a4 O-O 8. dxe5 Ng4 9. O-O Ngxe5 10. Nxe5 Nxe5 11. Nd2 Nf3+ 12. Bxf3 Bxb2 13. Rb1 Bg7 14. c4 a5 15. b5 Rb8 16. Nb3 b6 17. Nd4 Bxd4 18. exd4 Qf6 19. Rc1 Rd8 20. Re1 Bf5 21. Be4 Be6 22. Qd3 h5 23. Qc3 h4 24. c5 h3 25. g3 bxc5 26. dxc5 Qxc3 27. Rxc3 dxc5 28. Rxc5 Rd4 29. Bc2 Rd7 30. f3 Rb6 31. Kf2 Kf8 32. Re2 Ke7 33. Be4 Kd8 34. f4 Rd4 35. Bf3 Rxa4 36. Rd2+ Kc8 37. Bc6 Ra2 38. Rxa2 Bxa2 39. Rc2 Be6 40. Kf3 a4 41. g4 a3 42. Rc1 a2 43. f5 gxf5 44. gxf5 Bxf5 45. Be4 Bxe4+ 46. Kxe4 Rxb5 47. Ra1 Rb2 48. Kf3 Rxh2 49. Kg3 Rb2 50. Kxh3 c5 51. Kg3 c4 52. Kf3 c3 53. Ke3 c2 54. Kd2 Rb1 55. Rxa2 c1=Q+ 0-1


[Site "https://www.chess.com"]

[Event "Titled Tuesday Blitz July 18 Late 2023"]
[White "Droin, Augustin"]
[Black "Floresvillar Gonzalez, Luis Migu"]
[WhiteFideId "45105987"]
[BlackFideId "5100542"]
[WhiteElo "2514"]
[BlackElo "2071"]
[Result "1-0"]
[Round "1"]
[TimeControl "180+2"]
[Date "2023.07.18"]
[WhiteClock "0:00:49"]
[BlackClock "0:00:00"]
[Board "188"]

1. e4 c6 2. d4 d5 3. exd5 cxd5 4. Bd3 Nf6 5. c3 Bg4 6. Ne2 Nc6 7. h3 Bh5 8. Qb3 Qc8 9. Nf4 e6 10. Nxh5 Nxh5 11. O-O Bd6 12. Re1 O-O 13. Nd2 Bb8 14. Nf3 Qc7 15. a4 Nf4 16. Bb1 a5 17. Qc2 g6 18. Qd2 Nh5 19. Qh6 Ne7 20. g4 Ng7 21. Ng5 Rc8 22. Qxh7+ Kf8 23. Qh8+ Ng8 24. f4 f6 25. Qxg7+ Qxg7 26. Nxe6+ Kf7 27. Nxg7 Kxg7 28. Bd2 Ra6 29. Bd3 Rb6 30. Bb5 Bd6 31. Re6 Kf7 32. Rae1 Ne7 33. c4 dxc4 34. Bxa5 Rxb5 35. axb5 Bxf4 36. Rxe7+ Kg8 37. Rxb7 c3 38. Bxc3 f5 39. d5 fxg4 40. hxg4 g5 41. Re6 Ra8 42. Rg6+ Kf8 43. Rh6 Be5 44. Bxe5 Ra1+ 45. Kg2 Rh1 46. Kxh1 1-0


[Site "https://www.chess.com"]